 Dungeon Crawl Stone Soup version 0.29.0-13-gc9e81de378 (webtiles) character file.

Game seed: 11647878492893769033

296 Anothat the Sneak (level 6, -1/33 HPs)
             Began as a Vine Stalker Brigand on Sept 9, 2022.
             Slain by an orc
             ... wielding a +0 club
              (2 damage)
             ... on level 3 of the Dungeon.
             The game lasted 00:03:16 (2507 turns).

Anothat the Sneak (Vine Stalker Brigand)            Turns: 2507, Time: 00:03:17

Health: -1/33      AC: 10    Str: 13    XL:     6   Next: 34%
Magic:  0/7        EV: 12    Int: 11    God:
Gold:   98         SH:  0    Dex: 20    Spells: 5/5 levels left

rFire   + . .      SeeInvis .   a - +2 dagger
rCold   . . .      Faith    .   (no shield)
rNeg    . . .      Spirit   +   m - +3 ring mail "Lucwiat" {Dex+2}
rPois   .          Reflect  .   (no helmet)
rElec   .          Harm     .   c - +0 cloak
rCorr   .          Rampage  .   (no gloves)
Will    .....                   u - +0 pair of boots
Stlth   ++........              (no amulet)
HPRegen 0.91/turn               s - ring of protection from fire
MPRegen 0.10/turn               (no ring)

@: no status effects
A: fangs 2, regeneration 1, magic shield, antimagic bite, no potion heal 2
a: no special abilities


You were on level 3 of the Dungeon.
You visited 1 branch of the dungeon, and saw 3 of its levels.
You also visited: Sewer.

You collected 98 gold pieces.

Inventory:

Hand Weapons
 a - a +2 dagger (weapon)
Missiles
 d - 9 poisoned darts (quivered)
 e - 3 curare-tipped darts
 g - 3 atropa-tipped darts
Armour
 b - a +0 robe
 c - a +0 cloak (worn)
 m - the +3 ring mail "Lucwiat" (worn) {Dex+2}
   (You found it on level 2 of the Dungeon)

   Dex:       It affects your dexterity (+2).
 o - a +2 kite shield
 t - a +0 cloak
 u - a +0 pair of boots (worn)
Jewellery
 s - a ring of protection from fire (left hand)
Scrolls
 f - 5 scrolls of teleportation {unknown}
 i - 2 scrolls of enchant weapon {unknown}
 j - a scroll of summoning {unknown}
 l - 3 scrolls of blinking {unknown}
 p - a scroll of identify {unknown}
 q - a scroll of fog {unknown}
Potions
 h - a potion of ambrosia {unknown}
 k - a potion of cancellation {unknown}
 n - 2 potions of mutation {unknown}
 r - a potion of magic {unknown}


   Skills:
 + Level 3.6 Fighting
 + Level 3.6 Short Blades
 - Level 1.7 Throwing
 + Level 2.9 Dodging
 - Level 4.8 Stealth


You had 5 spell levels left.
You didn't know any spells.
Your spell library contained the following spells:

 Spells                   Type           Power      Damage    Failure   Level
 Poisonous Vapours        Pois/Air       0%         N/A       75%         2
 Gell's Gravitas          Tloc           0%         N/A       93%         3
 Teleport Other           Tloc           0%         N/A       93%         3
 Corpse Rot               Necr/Pois/Air  0%         N/A       100%        4
 Iskenderun's Battlesphe  Conj           0%         2d6       100%        5
 Dispersal                Tloc           0%         N/A       100%        6
 Iron Shot                Conj/Erth      0%         9d1       100%        6
 Spellforged Servitor     Conj/Summ      0%         N/A       100%        7


Dungeon Overview and Level Annotations

Branches:
Dungeon (3/15)              Sewer (visited)

Altars:


Innate Abilities, Weirdness & Mutations

You have extremely sharp teeth.
Your natural rate of healing is unusually fast.
When hurt, damage is shared between your health and your magic reserves.
Your bite disrupts and absorbs the magic of your enemies.
Potions cannot restore your health.


Message History

You hit the orc.
The orc is heavily wounded.
You feel sick. The orc hits you with a +0 hand axe.
* * * LOW HITPOINT WARNING * * *
The frilled lizard closely misses you. The orc barely misses you.
The bat barely misses you. The orc hits you but does no damage.
The frilled lizard bites you.
You closely miss the orc.
The orc is heavily wounded.
You feel sick.
You are no longer poisoned.
The bat hits you but does no damage. The bat barely misses you.
The frilled lizard misses you. The orc hits you but does no damage. x2
The orc barely misses you. The frilled lizard bites you.
* * * LOW HITPOINT WARNING * * *
You barely miss the orc. Your bite misses the orc.
The orc is heavily wounded.
The bat barely misses you. The frilled lizard closely misses you.
The orc hits you but does no damage.
The frilled lizard bites you but does no damage.
The orc hits you with a +0 club.
* * * LOW HITPOINT WARNING * * *
The orc barely misses you.
You closely miss the orc. Your bite misses the orc.
The orc is heavily wounded.
The bat hits you but does no damage. The frilled lizard closely misses you.
The orc closely misses you.
The frilled lizard bites you but does no damage.
The orc barely misses you. x2
You hit the orc. You bite the orc, but do no damage.
The orc is severely wounded.
You hit the orc. Your bite misses the orc.
The orc is almost dead.
The bat barely misses you. The frilled lizard barely misses you.
The orc hits you with a +0 club.
* * * LOW HITPOINT WARNING * * *
The orc hits you with a +0 hand axe.
* * * LOW HITPOINT WARNING * * *
The orc hits you with a +0 club.
You die...

.................#
.................#
.................#
.....>...).......#
?.........####.###
..........# #.#
##....b..# #..
.##...l...#####.#
......o@l........
#.....o)o......
#.........!....
#..........####
#..?.......#
#..........#
#..........#
#..........#


You could see 3 orcs, a bat and 2 frilled lizards.

Vanquished Creatures
  A bullfrog (Sewer)
  An orc priest (D:3)
  10 adders
  2 dart slugs
  An orc (D:3)
  6 bats
  16 endoplasms
  8 giant cockroaches
  2 goblins (D:1)
  6 hobgoblins
  2 jackals (D:3)
  7 quokkas
  10 ball pythons
  14 frilled lizards
  9 kobolds
  7 rats
102 creatures vanquished.

Notes
Turn   | Place    | Note
-------+----------+-------------------------------------------
     0 | D:1      | Anothat the Vine Stalker Brigand began the quest for the
                  | Orb.
     0 | D:1      | Reached XP level 1. HP: 11/11 MP: 2/2
    49 | D:1      | Reached skill level 1 in Dodging
    56 | D:1      | Reached XP level 2. HP: 14/15 MP: 1/3
   576 | D:1      | Reached XP level 3. HP: 18/18 MP: 4/4
  1164 | D:2      | Identified the +3 ring mail "Lucwiat" {Dex+2}
  1193 | D:2      | Identified the +1 ring mail of the Worm {rCorr}
  1417 | D:2      | Gained mutation: Your natural rate of healing is unusually
                  | fast. [Vine Stalker growth]
  1417 | D:2      | Reached XP level 4. HP: 18/23 MP: 5/5
  1841 | D:3      | Found a glowing drain.
  1854 | Sewer    | Entered a sewer
  2021 | Sewer    | Reached XP level 5. HP: 28/28 MP: 4/6
  2190 | Sewer    | Reached XP level 6. HP: 26/32 MP: 7/7
  2507 | D:3      | HP: 1/33 [orc/+0 hand axe (1)]
  2507 | D:3      | Slain by an orc

Illustrated notes

Levels and vault maps discovered:
D:1:      mainiacjoe_arrival_reflecting_pool, layout_rooms
D:2:      layout_basic
D:3:      layout_basic, portal_sewer_entry_d

Skill      XL: |  1  2  3  4 |
---------------+-------------+-----
Dodging        | 1 2 |  2.9
Fighting       | 2 3 |  3.6
Short Blades   | 2 3 |  3.6
Throwing       | |  1.7
Stealth        | |  4.8

Action                   |  1- 3 |  4- 6 || total
-------------------------+-------+-------++-------
Melee: Dagger            |    99 |   231 ||   330
       Bite              |    23 |    56 ||    79
       Punch             |       |     2 ||     2
 Stab: Sleeping          |    13 |     3 ||    16
       Distracted        |     1 |       ||     1
Armor: Robe              |    13 |       ||    13
       Ring mail         |     8 |   159 ||   167
Dodge: Dodged            |    47 |   202 ||   249
